Map: World of Sleepers LE

Players

DRG

  • Race: Zerg Zerg
  • League: Master
  • Spawn Location: 7:00

soO - Winner!

  • Race: Zerg Zerg
  • Spawn Location: 1:00

VOD

Have the link to the VOD?

Description

Time

  • Played on: Jan. 9, 2020, 4:20 a.m.
  • Length: 7:30
Show
View Real Time Build Order
Export as new Build Order

DRG Zerg 

Build Orders: Hatch First 

Get SALT Encoding   

  12  0:00  Drone  
  13  0:12  Overlord  
  13  0:16  Drone  
  14  0:30  Drone x2  
  16  0:47  Hatchery  
  15  0:50  Drone  
  15  0:54  Drone  
  17  0:57  Drone  
  18  1:07  Extractor  
  17  1:12  Spawning Pool  
  17  1:15  Drone  
  17  1:18  Drone  
  18  1:27  Drone  
  19  1:38  Drone  
  20  1:49  Drone  
  21  1:59  Queen x2  
  21  2:01  Drone, Overlord  
  26  2:11  Drone x2, Metabolic Boost  
  28  2:21  Drone  
  28  2:22  Drone  
  30  2:33  Hatchery  
  30  2:35  Drone x2  
  31  2:42  Queen  
  33  2:47  Overlord  
  33  2:53  Baneling Nest  
  33  2:57  Drone x2  
  34  2:59  Drone  
  35  3:07  Zergling x6  
  35  3:12  Drone x3  
  41  3:14  Drone  
  41  3:18  Overlord  
  42  3:21  Drone  
  43  3:28  Overlord  
  43  3:30  Zergling x2  
  44  3:38  Baneling  
  44  3:39  Zergling x4  
  44  3:40  Drone x3  
  49  3:46  Drone x2  
  49  3:47  Evolution Chamber  
  50  3:54  Drone x3  
  50  3:55  Drone x2  
  55  3:57  Extractor  
  55  3:58  Extractor  
  53  4:03  Drone  
  53  4:07  Baneling  
  53  4:08  Drone  
  53  4:09  Drone x2  
  57  4:12  Zergling x2  
  57  4:15  Zerg Missile Weapons Level 1  
  57  4:17  Drone  
  57  4:19  Roach Warren  
  57  4:21  Drone  
  57  4:28  Zergling x2  
  57  4:29  Zergling x2, Drone x2  
  57  4:30  Drone  
  61  4:35  Zergling x2  
  62  4:38  Overlord  
  62  4:41  Queen x2  
  62  4:45  Overlord x2  
  66  4:50  Overlord x2  
  66  4:52  Baneling  
  66  4:56  Overlord  
  66  5:00  Roach x4  
  66  5:04  Roach x2  
  78  5:10  Roach x2  
  80  5:17  Roach  
  80  5:20  Roach x3  
  80  5:21  Roach  
  87  5:26  Lair  
  92  5:28  Roach x3  
  92  5:39  Drone  
  93  5:43  Drone x5  
  93  5:46  Drone x2  
  101  5:57  Drone x8  
  101  6:00  Drone  
  109  6:09  Extractor, Pneumatized Carapace  
  109  6:10  Extractor x2, Overlord  
  105  6:12  Drone x2  
  105  6:18  Drone x3  
  110  6:20  Roach x2  
  114  6:29  Roach x2  
  114  6:31  Ravager  
  119  6:36  Overlord x3  
  119  6:37  Roach  
  121  6:41  Overlord  
  121  6:45  Hatchery, Overlord x2  
  120  6:47  Overlord  
  116  6:54  Roach  
  116  6:55  Roach x7  
  116  7:00  Roach x3  
  114  7:05  Roach x3  
Show
View Real Time Build Order
Export as new Build Order

soO Zerg - Winner!

Build Orders: Hatch First 

Get SALT Encoding   

  12  0:00  Drone  
  13  0:12  Overlord  
  13  0:17  Drone  
  14  0:30  Drone x2  
  16  0:47  Hatchery  
  15  0:51  Drone  
  15  0:54  Drone  
  18  0:57  Drone  
  18  1:08  Extractor  
  17  1:13  Spawning Pool  
  17  1:16  Drone  
  17  1:19  Drone  
  18  1:28  Drone  
  19  1:38  Drone  
  20  1:49  Overlord  
  20  1:59  Queen x2  
  20  2:00  Drone x2  
  26  2:11  Drone x2, Metabolic Boost  
  28  2:20  Drone  
  28  2:22  Drone  
  30  2:31  Hatchery  
  30  2:34  Drone  
  30  2:41  Queen  
  30  2:43  Drone  
  33  2:48  Overlord  
  33  2:55  Baneling Nest  
  33  2:56  Drone  
  33  2:58  Drone  
  34  3:00  Drone  
  34  3:04  Drone  
  36  3:07  Zergling x4  
  36  3:08  Zergling x2  
  36  3:11  Drone  
  40  3:13  Drone  
  40  3:17  Overlord  
  41  3:21  Zergling x2  
  41  3:23  Drone x2  
  44  3:32  Lair  
  44  3:33  Extractor  
  43  3:35  Zergling x2  
  43  3:36  Zergling x2  
  43  3:39  Baneling  
  45  3:44  Drone x2  
  45  3:45  Drone x2  
  49  3:49  Drone  
  49  3:53  Drone x2  
  52  3:56  Drone x2  
  54  4:03  Drone  
  54  4:07  Overlord  
  55  4:10  Extractor  
  55  4:11  Extractor  
  55  4:13  Drone x2  
  55  4:14  Overlord  
  54  4:17  Overlord  
  54  4:20  Drone, Roach Warren  
  54  4:22  Evolution Chamber  
  53  4:28  Queen, Drone x3  
  53  4:30  Zergling x2  
  56  4:32  Drone  
  56  4:33  Drone  
  56  4:35  Baneling x2  
  56  4:36  Drone x2  
  61  4:38  Drone  
  61  4:43  Drone x3  
  64  4:46  Drone  
  64  4:48  Zerg Missile Weapons Level 1  
  65  4:55  Overlord  
  65  5:00  Roach x3  
  65  5:01  Glial Reconstitution  
  65  5:05  Roach  
  72  5:09  Roach  
  72  5:13  Roach  
  75  5:16  Roach  
  75  5:17  Roach  
  75  5:20  Roach  
  81  5:29  Overlord  
  81  5:30  Overlord  
  81  5:31  Drone  
  81  5:34  Overlord  
  82  5:41  Overlord  
  82  5:42  Overlord  
  81  5:43  Overlord  
  81  5:48  Overlord  
  81  5:49  Roach x6  
  92  5:52  Ravager  
  92  5:53  Roach x4, Ravager  
  92  5:54  Roach  
  103  6:02  Roach  
  105  6:05  Spire, Roach x2  
  105  6:06  Roach  
  105  6:08  Zergling x2  
  105  6:10  Roach  
  113  6:11  Roach  
  113  6:13  Roach  
  113  6:15  Drone  
  113  6:16  Drone  
  113  6:17  Extractor x2  
  117  6:18  Drone  
  117  6:20  Drone  
  117  6:21  Overseer  
  117  6:24  Drone x3  
  122  6:28  Drone  
  122  6:32  Drone x2  
  125  6:34  Overlord  
  125  6:37  Drone x4  
  129  6:46  Drone x3  
  132  6:53  Roach x3  
  138  6:54  Roach x2  
  138  6:55  Roach  
  138  6:57  Roach  
  136  7:02  Roach  
  136  7:03  Roach  
  136  7:05  Roach  
Tags
 
Add a new tag
Caveats
  • Supply blocks, unpowered buildings, or Contaminate may cause inaccurate times.
  • Supply counts are checked every 10 seconds.